 Dungeon Crawl Stone Soup version 0.30-a0-739-gea05faddec (webtiles) character file.

Game seed: 1027658603000910037

7952 experimilk the Destroyer (level 11, -5/74 HPs)
             Began as a Red Draconian Conjurer on Feb 5, 2023.
             Was a Believer of Vehumet.
             Slain by Urug
             ... wielding a +3 halberd
              (8 damage)
             ... on level 10 of the Dungeon.
             The game lasted 00:41:45 (13199 turns).

experimilk the Destroyer (Red Draconian Conjurer)  Turns: 13199, Time: 00:41:45

Health: -5/74      AC:  8    Str:  9    XL:     11   Next: 3%
Magic:  24/32      EV: 12    Int: 22    God:    Vehumet [**....]
Gold:   559        SH:  6    Dex: 17    Spells: 13/27 levels left

rFire   + . .      SeeInvis .    r - +2 dagger (elec)
rCold   . . .      Faith    .    g - +2 buckler
rNeg    . . .      Spirit   .    (body armour unavailable)
rPois   .          Reflect  .    (helmet restricted)
rElec   .          Harm     .    (no cloak)
rCorr   .          Rampage  .    x - +0 pair of gloves
Will    .....                    (no boots)
Stlth   ++                       (no amulet)
HPRegen 0.32/turn                z - ring of magical power
MPRegen 0.23/turn                w - +6 ring of dexterity

@: brilliant, short of breath
A: breathe fire, AC +7, unfitting armour, fire resistance 1, cold-blooded
a: Breathe Fire, Renounce Religion


You were on level 10 of the Dungeon.
You worshipped Vehumet.
Vehumet was pleased with you.
You visited 2 branches of the dungeon, and saw 11 of its levels.
You also visited: Bailey.

You collected 559 gold pieces.

Inventory:

Hand Weapons
 k - a +0 short sword
 p - a +1 heavy war axe
 r - a +2 dagger of electrocution (weapon)
Armour
 c - a scarf of harm
 g - a +2 buckler (worn)
 x - a +0 pair of gloves (worn)
Magical Staves
 t - a staff of cold
Jewellery
 q - a +6 ring of strength
 w - a +6 ring of dexterity (right hand)
 z - a ring of magical power (left hand)
 D - a ring of protection from cold
Wands
 u - a wand of flame (19)
 y - a wand of polymorph (12)
 C - a wand of roots (11)
Scrolls
 a - a scroll of poison {unknown}
 d - 2 scrolls of vulnerability
 e - 2 scrolls of enchant weapon
 f - a scroll of magic mapping {unknown}
 i - a scroll of blinking {unknown}
 j - a scroll of enchant armour {unknown}
 l - 2 scrolls of silence
 m - 2 scrolls of immolation
 E - a scroll of fog
Potions
 b - 2 potions of curing
 h - 2 potions of cancellation
 n - 3 potions of attraction
 o - 4 potions of brilliance
 v - a potion of haste
 A - a potion of resistance
 B - a potion of mutation


   Skills:
 - Level 1.7 Dodging
 - Level 1.7 Stealth
 + Level 8.8 Spellcasting
 - Level 12.0 Conjurations
 - Level 9.0 Translocations


You had 13 spell levels left.
You knew the following spells:

 Your Spells              Type           Power      Damage    Failure   Level
a - Teleport Other        Tloc           65%        N/A       1%          3
d - Magic Dart            Conj           100%       1d8       1%          1
p - Passage of Golubria   Tloc           65%        N/A       2%          4
x - Iskenderun's Mystic   Conj/Tloc      71%        2d14      1%          4
z - Searing Ray           Conj           100%       2d8       1%          2

Your spell library contained the following spells:

 Spells                   Type           Power      Damage    Failure   Level
 Frozen Ramparts          Ice            28%        1d5       28%         3
 Apportation              Tloc           100%       N/A       1%          1
 Lesser Beckoning         Tloc           100%       N/A       1%          2
 Gell's Gravitas          Tloc           65%        N/A       1%          3
 Dazzling Flash           Conj/Hex       100%       N/A       2%          3
 Fulminant Prism          Conj/Hex       26%        3d14      8%          4
 Necrotise                Necr           56%        1d6       10%         1
 Slow                     Hex            56%        N/A       10%         1
 Sting                    Tmut/Pois      56%        1d5       10%         1
 Summon Small Mammal      Summ           56%        N/A       10%         1
 Ensorcelled Hibernation  Hex/Ice        28%        N/A       14%         2
 Passwall                 Tmut/Erth      11%        N/A       14%         2
 Poisonous Vapours        Pois/Air       28%        N/A       14%         2
 Confusing Touch          Hex            14%        N/A       28%         3
 Swiftness                Air            14%        N/A       28%         3
 Tukima's Dance           Hex            14%        N/A       28%         3
 Vampiric Draining        Necr           14%        2d7       28%         3
 Olgreb's Toxic Radiance  Pois           14%        N/A       67%         4
 Yara's Violent Unravell  Hex/Tmut       7%         3d5       95%         5


Dungeon Overview and Level Annotations

Branches:
Dungeon (10/15)            Temple (1/1) D:4          Bailey (visited)
   Lair: D:8-11         Orc: D:9-12

Altars:
Cheibriados
Dithmenos
Elyvilon
Fedhas
Gozag
Hepliaklqana
Makhleb
Nemelex Xobeh
Okawaru
Ru
Sif Muna
Trog
Uskayaw
Vehumet
Xom
Yredelemnul
Zin

Shops:
D:2 =

Annotations:
D:7 2 transporters, soul19's ghost, novice TrFi
D:9 1 runed translucent door
D:10 Harold; Urug


Innate Abilities, Weirdness & Mutations

You can breathe blasts of fire.
Your fiery red scales are hard. (AC +7)
You cannot fit into any form of body armour.
Your flesh is heat resistant. (rF+)
You are cold-blooded and may be slowed by cold attacks.


Message History

The spriggan changes into a black mamba!
Urug throws a javelin.
The javelin pierces through you.
* * * LOW HITPOINT WARNING * * *
You feel clever all of a sudden.
You have got your breath back.
Urug closely misses you.
Casting: Searing Ray (safe; 1% risk of failure)
Confirm with . or Enter, or press ? or * to list all spells.
Aiming: Searing Ray (safe; 1% risk of failure)
Press: ? - help, Shift-Dir - straight line, f/p - Urug
Aim: Urug, wielding a +3 halberd, wearing a +0 scale mail and quivering javelins (heavily wounded, 79% to hit)
Okay, then.
The human changes into a shapeshifter!
Urug barely misses you.
Casting: Searing Ray (safe; 1% risk of failure)
Confirm with . or Enter, or press ? or * to list all spells.
Aiming: Searing Ray (safe; 1% risk of failure)
Press: ? - help, Shift-Dir - straight line, f/p - Urug
Aim: Urug, wielding a +3 halberd, wearing a +0 scale mail and quivering javelins (heavily wounded, 79% to hit)
You feel a surge of power!
The searing ray hits Urug.
Urug is severely wounded. (Press . to maintain the ray.)
The shapeshifter changes into a guardian serpent!
You block Urug's attack.
The searing ray hits Urug!
Urug is severely wounded.
Urug barely misses you.
The searing ray hits Urug.
Urug is almost dead.
Urug hits you with a +3 halberd!!
* * * LOW HITPOINT WARNING * * *
The searing ray hits Urug.
Urug is almost dead.
You finish channelling your searing ray.
You block Urug's attack.
Aiming: Breathe Fire (3% risk of failure)
Press: ? - help, Shift-Dir - straight line, f/p - Urug
Aim: Urug, wielding a +3 halberd, wearing a +0 scale mail and quivering javelins (almost dead, 60% to hit)
You breathe a blast of fire.
The fiery breath misses Urug.
Urug hits you with a +3 halberd!
You die...

## ##... #######
##########.....#
.........#_._.>#
####....#..__.#########
#....#S_.._#.......#
#.#..@.#_..._#.....#.#
#....o.#######.###.#.#
####.............#.#..
..........<.#.##.#.###
####.......##.##.#....
....ยง.......<.o....##
############.#.......
#.#..#..## #.#.....##


You could see Urug and a guardian serpent shaped shifter.

Vanquished Creatures
  2 two-headed ogres (D:9)
  A cyclops (D:9)
  A kobold demonologist (D:10)
  A troll (D:10)
  2 hornets
  A shadow (D:9)
  A wyvern (D:9)
  A wraith (D:9)
  5 yaks (D:10)
  2 steam dragons (D:7)
  2 water moccasins (D:8)
  9 orc warriors
  A sky beast (D:6)
  2 black bears
  An ice beast (D:7)
  An ogre (D:7)
  3 centaurs
  A phantom (D:5)
  3 bullfrogs
  2 necrophages
  2 scorpions
  A gnoll sergeant (D:9)
  12 wights
  6 killer bees (D:9)
  A howler monkey (D:8)
  3 jellies
  4 hounds
  3 orc priests
  5 iguanas
  8 orc wizards
  13 gnolls
  10 adders
  A shadow imp (D:7)
  2 white imps
  An ufetubus (D:5)
  3 worms
  2 dart slugs
  37 orcs
  7 endoplasms
  4 giant cockroaches
  8 goblins
  10 hobgoblins
  6 jackals
  6 kobolds
  3 quokkas
  4 ball pythons
  7 bats
  2 frilled lizards
  11 rats
224 creatures vanquished.

Vanquished Creatures (others)
  A quokka (D:9)
  8 fungi (D:6)
9 creatures vanquished.

Grand Total: 233 creatures vanquished

Notes
Turn   | Place    | Note
-------+----------+-------------------------------------------
     0 | D:1      | experimilk the Draconian Conjurer began the quest for the
                  | Orb.
     0 | D:1      | Reached XP level 1. HP: 14/14 MP: 3/3
   277 | D:1      | Reached XP level 2. HP: 20/20 MP: 0/5
   829 | D:1      | Learned a level 2 spell: Searing Ray
  1225 | D:1      | Reached skill level 5 in Conjurations
  1325 | D:1      | Reached XP level 3. HP: 26/26 MP: 4/6
  2023 | D:2      | Found a shimmering altar of Xom.
  2132 | D:2      | Found Ziac's Jewellery Shop.
  2476 | D:2      | Reached XP level 4. HP: 33/33 MP: 4/7
  3393 | D:3      | Reached skill level 6 in Conjurations
  3565 | D:4      | Reached XP level 5. HP: 38/38 MP: 4/8
  4219 | D:4      | Reached skill level 7 in Conjurations
  4280 | D:4      | Reached XP level 6. HP: 45/45 MP: 2/9
  4737 | D:4      | Found a staircase to the Ecumenical Temple.
  4917 | D:5      | Entered Level 5 of the Dungeon
  5200 | D:5      | Reached skill level 8 in Conjurations
  5371 | D:5      | Your scales start taking on a fiery red colour.
  5371 | D:5      | Reached XP level 7. HP: 41/50 MP: 1/10
  5371 | D:5      | Gained mutation: Your flesh is heat resistant. (rF+) [Red
                  | Draconian growth]
  5628 | Temple   | Entered the Ecumenical Temple
  5662 | Temple   | Became a worshipper of Vehumet
  5838 | D:5      | Found a hazy altar of Hepliaklqana.
  5860 | D:5      | Reached skill level 9 in Conjurations
  5936 | D:5      | Found a shadowy altar of Dithmenos.
  6494 | D:6      | Reached skill level 10 in Conjurations
  6695 | D:6      | Reached * piety under Vehumet
  6695 | D:6      | Offered knowledge of Shock by Vehumet.
  6774 | D:6      | Reached XP level 8. HP: 57/57 MP: 8/11
  7437 | D:7      | Reached skill level 11 in Conjurations
  7442 | D:7      | Learned a level 4 spell: Iskenderun's Mystic Blast
  7447 | D:7      | Learned a level 4 spell: Passage of Golubria
  7460 | D:7      | Reached skill level 1 in Translocations
  7549 | D:7      | Found a transporter.
  7862 | D:7      | Found a transporter.
  7898 | D:7      | Found a flagged portal.
  7910 | Bailey   | Entered a bailey
  8108 | Bailey   | Reached XP level 9. HP: 17/62 MP: 5/14
  8280 | D:7      | Found a sacrificial altar of Ru.
  8391 | D:7      | Found a blossoming altar of Fedhas.
  8453 | D:7      | Reached skill level 5 in Translocations
  8640 | D:7      | Offered knowledge of Sandblast by Vehumet.
  8645 | D:7      | Reached ** piety under Vehumet
  9005 | D:7      | Learned a level 3 spell: Teleport Other
  9170 | D:7      | Found a hide-covered altar of Uskayaw.
  9195 | D:7      | Noticed soul19's ghost (novice TrFi)
  9383 | D:8      | Reached skill level 5 in Spellcasting
  9657 | D:8      | Noticed a six-headed hydra
  9773 | D:8      | Found a glowing silver altar of Zin.
  9773 | D:8      | Noticed an angel
 10399 | D:9      | Reached XP level 10. HP: 59/69 MP: 17/17
 10508 | D:9      | Offered knowledge of Frozen Ramparts by Vehumet.
 10514 | D:9      | Noticed a cyclops
 10545 | D:9      | Noticed a two-headed ogre
 10833 | D:9      | Paralysed by a hornet for 1 turns
 11221 | D:9      | Found a white marble altar of Elyvilon.
 11352 | D:9      | Noticed a two-headed ogre
 11358 | D:9      | Killed a two-headed ogre
 11359 | D:9      | Reached skill level 12 in Conjurations
 11365 | D:9      | Killed a cyclops
 11544 | D:9      | Killed a two-headed ogre
 11807 | D:9      | Found an iron altar of Okawaru.
 11807 | D:9      | Found a shimmering blue altar of Sif Muna.
 11908 | D:9      | Noticed a flayed ghost
 11908 | D:9      | Noticed a centaur warrior
 11909 | D:9      | Found a runed translucent door.
 11911 | D:9      | Noticed a manticore
 11911 | D:9      | Noticed a deep troll
 11911 | D:9      | Noticed a deep elf pyromancer
 11911 | D:9      | Noticed a centaur warrior
 11911 | D:9      | Found the ring of the Hare {EV+10}
 12170 | D:10     | Entered Level 10 of the Dungeon
 12340 | D:10     | Found a snail-covered altar of Cheibriados.
 12413 | D:10     | Noticed an orange demon
 12457 | D:10     | Noticed Urug
 12669 | D:10     | Found a shimmering altar of Xom.
 12669 | D:10     | Found a shimmering altar of Xom.
 12669 | D:10     | Found a shimmering altar of Xom.
 12669 | D:10     | Found a shimmering altar of Xom.
 12784 | D:10     | Noticed Harold
 12832 | D:10     | Reached XP level 11. HP: 74/74 MP: 22/23
 13162 | D:10     | Found a shimmering altar of Xom.
 13167 | D:10     | Found a shimmering altar of Xom.
 13167 | D:10     | Found a shimmering altar of Xom.
 13173 | D:10     | Found a shimmering altar of Xom.
 13197 | D:10     | HP: 3/74 [Urug/+3 halberd (20)]
 13199 | D:10     | Slain by Urug

Illustrated notes

Levels and vault maps discovered:
D:1:      minmay_arrival_hallway, layout_basic
D:2:      layout_rooms, basic_altar, serial_shops, shop, kennysheep_small_spiral
D:3:      layout_loops_ring
D:4:      layout_rooms, minmay_temple_entry_hall
D:5:      layout_rooms, lemuel_doored_altar, mainiacjoe_overflow_paths,
          sigmund_army
D:6:      layout_loops_ring, dreamdust_gnoll_farm
D:7:      layout_gridville, marbit_many_paths, old_standard_altar,
          fedhas_altar_fruit_tree, gammafunk_ghost_stat_death, enter_bailey_7
D:8:      layout_loops_corners, zin_angel, palyth_stone_intersect, wad_dig_loot
D:9:      minmay_gate_of_8, layout_loops_corners, elyvilon_altar_4,
          gammafunk_temple_overflow_pools
D:10:     layout_basic, slow_altar_1, tso_oasis_becter, xom_shifter_show,
          david_lair_shrubbed, nicolae_figureground_pulse, uniq_urug,
          uniq_erica, uniq_harold
Temple:   jpeg_temple_alley_garden

Skill      XL: |  1  2  3  4  5  6  7  8  9 10 |
---------------+-------------------------------+-----
Conjurations   | 5 6 7 8 10 11 12 | 12.0
Translocations | 4 8 9 |  9.0
Spellcasting   | 3 5 8 |  8.8
Dodging        | |  1.7
Stealth        | |  1.7

Action                     |  1- 3 |  4- 6 |  7- 9 | 10-12 || total
---------------------------+-------+-------+-------+-------++-------
  Melee: Unarmed           |    15 |       |       |       ||    15
         Short sword       |       |     4 |       |       ||     4
         Tailslap          |       |     1 |     1 |       ||     2
         Dagger            |       |       |    19 |       ||    19
   Cast: Magic Dart        |    66 |    56 |    71 |    20 ||   213
         Searing Ray       |     8 |    22 |    64 |    39 ||   133
         Iskenderun's Myst |       |       |       |     6 ||     6
Ability: Breathe Fire      |       |       |    36 |    15 ||    51
    Use: Scroll            |     2 |     2 |     8 |     2 ||    14
         Potion            |       |       |     2 |     5 ||     7
 Armour: Skin              |    11 |     8 |    37 |    13 ||    69
  Dodge: Dodged            |    23 |    13 |   100 |    28 ||   164
  Block: Buckler           |     1 |     6 |    36 |    20 ||    63

Table legend: (Time is in decaauts)
 A = Elapsed time spent in this place.
 B = Non-inter-level travel time spent in this place.
 C = Inter-level travel time spent in this place.
 D = Time resting spent in this place.
 E = Time spent auto-exploring this place.
 F = Levels seen in this place.
 G = Mean time per level.
                   A        B        C        D        E       F      G
               +--------+--------+--------+--------+--------+-----+--------+
         Total |  13226 |  12718 |    508 |   3740 |   7407 |  12 | 1102.2 |
       Dungeon |  12961 |  12481 |    480 |   3582 |   7379 |  10 | 1296.1 |
        Temple |     63 |     35 |     28 |      0 |     28 |   1 |   63.0 |
        Bailey |    200 |    200 |      0 |    158 |      0 |   1 |  200.0 |
               +--------+--------+--------+--------+--------+-----+--------+

Top non-repeatable levels by time:
     D:9: 2039 daAuts
     D:1: 1757 daAuts
     D:7: 1502 daAuts
     D:4: 1423 daAuts
     D:3: 1310 daAuts
     D:6: 1286 daAuts
     D:8: 1249 daAuts
     D:2: 915 daAuts
     D:5: 817 daAuts
    D:10: 659 daAuts
  Bailey: 200 daAuts
  Temple: 63 daAuts
